 Dungeon Crawl Stone Soup version 0.18.1-50-g88ac8fd (webtiles) character file.

1768 HODOR the Shield-Bearer (level 8, -1/62 HPs)
             Began as a Mummy Fighter on Oct 3, 2016.
             Was a Follower of Trog.
             Killed from afar by an orc wizard (2 damage)
             ... with a magic dart
             ... on level 6 of the Dungeon.
             The game lasted 00:25:47 (7052 turns).

HODOR the Shield-Bearer (Mummy Fighter)             Turns: 7052, Time: 00:25:49

Health: -1/62      AC: 15    Str: 22    XL:     8   Next: 80%
Magic:  8/8        EV:  6    Int:  7    God:    Trog [*.....]
Gold:   438        SH: 10    Dex: 11    Spells: 0 memorised, 7 levels left

rFire  x x .     SeeInvis .     a - +0 long sword
rCold  + + .     Gourm    .     g - +0 chain mail
rNeg   + + +     Faith    .     c - +0 shield
rPois  ∞         Spirit   .     (no helmet)
rElec  .         Dismiss  .     r - +0 cloak
rCorr  .         Reflect  .     o - +0 pair of gloves
SustAt .         Harm     .     (no boots)
MR     +....                    (no amulet)
Stlth  ..........               b - ring of ice
                                j - +3 ring of protection

@: somewhat resistant to hostile enchantments, extremely unstealthy
A: no food or potions, fire vulnerability, cold resistance 1, negative energy
resistance 3, torment resistance, unbreathing
a: Burn Spellbooks, Renounce Religion


You were on level 6 of the Dungeon.
You worshipped Trog.
Trog was aware of your devotion.
You were not hungry.

You visited 1 branch of the dungeon, and saw 7 of its levels.

You collected 438 gold pieces.

Inventory:

Hand Weapons
 a - a +0 long sword (weapon)
Armour
 c - a +0 shield (worn)
 g - a +0 chain mail (worn)
 o - a +0 pair of gloves (worn)
 r - a +0 cloak (worn)
Jewellery
 b - a ring of ice (right hand)
 j - a +3 ring of protection (left hand)
Wands
 d - a wand of flame (28/48)
 l - a wand of iceblast (8/15)
Scrolls
 e - 5 scrolls of remove curse
 f - 12 scrolls of identify {unknown}
 h - a scroll of teleportation {unknown}
 i - 2 scrolls of recharging {unknown}
 k - 2 scrolls of enchant armour {unknown}
 m - a scroll of summoning {unknown}
 n - 2 scrolls of enchant weapon {unknown}
 p - a scroll of fear {unknown}
 q - a scroll of random uselessness {unknown}
 s - a scroll of vulnerability {unknown}
 t - a scroll of blinking {unknown}
 u - a scroll of immolation {unknown}
 v - a scroll of fog {unknown}


   Skills:
 + Level 5.3 Fighting
 + Level 4.4 Long Blades
 + Level 5.4 Armour
 - Level 1.0 Dodging
 - Level 0.1 Stealth
 + Level 6.1 Shields


You had 7 spell levels left.
You didn't know any spells.

Dungeon Overview and Level Annotations

Branches:
Dungeon (7/15)             Temple (0/1) D:6

Altars:
Elyvilon
Gozag
Makhleb
Pakellas
Qazlal
Sif Muna
Trog
The Shining One

Shops:
D:7 }


Innate Abilities, Weirdness & Mutations

You do not eat or drink.
Your flesh is vulnerable to fire.
You are immune to poison.
Your flesh is cold resistant.
You are immune to negative energy.
You are immune to unholy pain and torment.
You can survive without breathing.


Message History

You climb downwards.
There is a stone staircase leading up here.
You barely miss the orc wizard.
The orc wizard hits you but does no damage.
You block the orc wizard's attack.
You barely miss the orc wizard.
The orc wizard hits you but does no damage. x2
You hit the orc wizard.
The orc wizard is lightly wounded.
You block the orc wizard's attack. x2
You slash the orc wizard!
The orc wizard is severely wounded.
The orc wizard hits you but does no damage.
You closely miss the orc wizard.
The orc wizard is severely wounded.
The orc wizard hits you with a dagger.
* * * LOW HITPOINT WARNING * * *
The orc wizard points at you and mumbles some strange words.
The magic dart hits you!
You die...

############
#...o@.....# ######
#.########.######.##..
#.# #................#
#T# #.#########.......
#.# #.# ##...###
#.###.## #####.......
#.##...####.........##
#.##........#.....#.##
##.##...####.........##


You could see an orc wizard.

Vanquished Creatures
  Pikel (D:6)
  An ice beast (D:7)
  2 ogres (D:7)
  A centaur (D:5)
  A big kobold (D:7)
  2 giant frogs
  A scorpion (D:7)
  A giant frog zombie (D:5)
  A crimson imp (D:5)
  A centaur zombie (D:5)
  A jelly (D:7)
  An orc priest (D:6)
  9 orc wizards
  A giant frog skeleton (D:7)
  Ijyb (D:3)
  2 worker ants
  8 adders
  A howler monkey skeleton (D:6)
  A shadow imp (D:7)
  An ooze (D:1)
  An adder skeleton (D:7)
  A worm (D:2)
  2 dart slugs
  3 giant geckos
  17 orcs
  8 bats
  A giant cockroach (D:7)
  11 hobgoblins
  10 jackals
  2 quokkas
  3 ball pythons
  7 giant newts
  12 goblins
  13 kobolds
  4 rats
133 creatures vanquished.

Vanquished Creatures (others)
  A giant frog (D:6)
  An orc wizard (D:5)
  An orc (D:5)
3 creatures vanquished.

Grand Total: 136 creatures vanquished

Notes
Turn   | Place    | Note
--------------------------------------------------------------
     0 | D:1      | HODOR the Mummy Fighter began the quest for the Orb.
     0 | D:1      | Reached XP level 1. HP: 18/18 MP: 1/1
   331 | D:1      | Reached XP level 2. HP: 15/24 MP: 2/2
   813 | D:1      | Reached XP level 3. HP: 17/29 MP: 3/3
  1858 | D:2      | Reached skill level 1 in Dodging
  1858 | D:2      | Reached skill level 3 in Shields
  1952 | D:2      | Reached XP level 4. HP: 29/35 MP: 4/4
  2652 | D:3      | Found a burning altar of Makhleb.
  2778 | D:3      | Reached XP level 5. HP: 40/41 MP: 5/5
  2860 | D:3      | Noticed Ijyb
  2888 | D:3      | Killed Ijyb
  3735 | D:4      | You fall through a shaft for 3 floors!
  3803 | D:7      | Reached skill level 4 in Shields
  3803 | D:7      | Reached XP level 6. HP: 35/48 MP: 6/6
  3899 | D:7      | Found an opulent altar of Gozag.
  3903 | D:7      | Found a bloodstained altar of Trog.
  3905 | D:7      | Found a glowing golden altar of the Shining One.
  3905 | D:7      | Found a deep blue altar of Sif Muna.
  3921 | D:7      | Became a worshipper of Trog the Wrathful
  4068 | D:7      | Found a stormy altar of Qazlal.
  4535 | D:7      | Noticed an ice beast
  4549 | D:7      | Killed an ice beast
  4549 | D:7      | Reached XP level 7. HP: 46/54 MP: 7/7
  4951 | D:7      | Found Xaczix's Gadget Emporium.
  5135 | D:7      | Reached * piety under Trog
  5405 | D:6      | Found an oddly glowing altar of Pakellas.
  5454 | D:6      | Reached skill level 5 in Shields
  5557 | D:6      | Found a staircase to the Ecumenical Temple.
  5594 | D:6      | Reached XP level 8. HP: 45/61 MP: 8/8
  5715 | D:6      | Found a white marble altar of Elyvilon.
  5715 | D:6      | Noticed Pikel
  5765 | D:6      | Killed Pikel
  5765 | D:6      | Reached skill level 5 in Fighting
  5765 | D:6      | Reached skill level 5 in Armour
  6127 | D:6      | Noticed a troll
  6150 | D:5      | Entered Level 5 of the Dungeon
  6262 | D:3      | You fall through a shaft for 2 floors!
  6584 | D:5      | Reached skill level 6 in Shields
  7012 | D:5      | HP: 3/62 [something/puff of flame (10)]
  7044 | D:5      | HP: 2/62 [orc wizard/magic dart (8)]
  7052 | D:6      | HP: 1/62 [orc wizard/dagger (3)]
  7052 | D:6      | Killed from afar by an orc wizard

Skill      XL: |  1  2  3  4  5  6  7  8 |
---------------+-------------------------+-----
Armour         | 3 4 5 |  5.4
Dodging        | 1 |  1.0
Shields        | 3 4 5 6 |  6.1
Long Blades    | 2 3 4 |  4.4
Fighting       | 4 5 |  5.3
Stealth        | |  0.1

Action                   |  1- 3 |  4- 6 |  7- 9 || total
-------------------------+-------+-------+-------++-------
Melee: Long sword        |   160 |   261 |   338 ||   759
  Use: Scroll            |       |       |     1 ||     1
Armor: Scale mail        |    37 |       |       ||    37
       Chain mail        |    62 |   159 |   268 ||   489
Dodge: Dodged            |    42 |    66 |    93 ||   201
Block: Shield            |    90 |   162 |   207 ||   459
